 Dungeon Crawl Stone Soup version 0.26-a0-64-g059e62fbdb (webtiles) character file.

Game seed: 4539989776767255273

13974 Gwenloh the Nimble (level 11, -20/49 HPs)
             Began as a Felid Enchanter on June 10, 2020.
             Was a Priest of Makhleb.
             Demolished by a spiny frog (26 damage)
             ... on level 4 of the Lair of Beasts on June 11, 2020.
             The game lasted 01:27:10 (19682 turns).

Gwenloh the Nimble (Felid Enchanter)               Turns: 19682, Time: 01:27:11

Health: -20/49     AC:  2    Str:  4    XL:     11   Next: 82%
Magic:  10/21      EV: 29    Int: 19    God:    Makhleb [***...]
Gold:   798        SH:  0    Dex: 18    Spells: 11/23 levels left
                                        Lives:  0   Deaths: 3

rFire    x . .     SeeInvis +     - Unarmed
rCold    + . .     Gourm    .   (shield unavailable)
rNeg     . . .     Faith    .   (armour unavailable)
rPois    .         Spirit   .   (helmet unavailable)
rElec    .         Reflect  .   (cloak unavailable)
rCorr    .         Harm     .   (gloves unavailable)
MR       +....                  (boots unavailable)
Stlth    +++++++...             (no amulet)
HPRegen  0.16/turn              x - ring of ice
MPRegen  0.17/turn              t - ring of stealth

@: quick
A: very small, no armour, no weapons or thrown items, stealth, claws 1, fangs 3,
see invisible, carnivore, speed 1, shaggy fur 2, slow metabolism 1, sharp paws
a: Minor Destruction, Lesser Servant of Makhleb, Renounce Religion


You were on level 4 of the Lair of Beasts.
You worshipped Makhleb.
Makhleb was most pleased with you.
You were completely stuffed.

You visited 3 branches of the dungeon, and saw 15 of its levels.

You collected 798 gold pieces.

Inventory:

Jewellery
 e - an uncursed ring of protection from magic
 l - an uncursed ring of flight
 t - a ring of stealth (right paw)
 x - a ring of ice (left paw)
Wands
 j - a wand of digging (6)
 o - a wand of enslavement (6)
 p - a wand of polymorph (16)
 E - a wand of disintegration (6)
 H - a wand of random effects (22)
Scrolls
 a - 8 scrolls of teleportation
 d - 3 scrolls of fear
 g - 2 scrolls of magic mapping
 h - 11 scrolls of remove curse
 m - 2 scrolls of blinking
 s - 2 scrolls of enchant weapon {unknown}
 v - a scroll of vulnerability {unknown}
 w - 2 scrolls of fog {unknown}
 y - 3 scrolls of amnesia {unknown}
 A - 3 scrolls of immolation {unknown}
 B - a scroll of summoning {unknown}
 F - a scroll of silence {unknown}
 G - a scroll of holy word {unknown}
 I - a scroll of noise {unknown}
Potions
 c - 3 potions of haste
 f - 2 potions of resistance
 i - 11 potions of curing
 k - a potion of brilliance {unknown}
 n - a potion of stabbing {unknown}
 q - a potion of cancellation {unknown}
 r - 2 potions of lignification
 u - 2 potions of might
 z - 2 potions of heal wounds
Miscellaneous
 D - a phantom mirror
Comestibles
 b - 10 rations
 C - 3 chunks of flesh


   Skills:
 + Level 6.9 Fighting
 * Level 12.7 Dodging
 + Level 11.8 Stealth
 * Level 10.0 Unarmed Combat
 + Level 6.6 Spellcasting
 + Level 12.6 Hexes
 * Level 7.2 Invocations


You had 11 spell levels left.
You knew the following spells:

 Your Spells              Type           Power        Failure   Level  Hunger
a - Corona                Hex            ######.      1%          1    None
b - Ensorcelled Hibernat  Hex/Ice        #####.       1%          2    None
c - Confusing Touch       Hex            ######..     1%          3    ##.....
d - Tukima's Dance        Hex            ######..     1%          3    ##.....
e - Dazzling Flash        Conj/Hex       ####..       2%          3    ##.....

Your spell library contained the following spells:

 Spells                   Type           Power        Failure   Level  Hunger
 Cause Fear               Hex            ######....   1%          4    ####...
 Inner Flame              Hex/Fire       ####....     2%          3    ##.....
 Silence                  Hex/Air        ####......   22%         5    #####..
 Yara's Violent Unravell  Hex/Tmut       ####......   22%         5    #####..
 Conjure Flame            Conj/Fire      #.......     32%         3    ##.....
 Ignite Poison            Fire/Tmut/Pois #.......     32%         3    ##.....
 Sticky Flame             Conj/Fire      #.......     71%         4    ####...
 Bolt of Magma            Conj/Fire/Erth #.........   96%         5    #####..
 Discord                  Hex            ######....   98%         8    #######


Dungeon Overview and Level Annotations

Branches:
Dungeon (10/15)            Temple (1/1) D:7            Lair (4/6) D:10
 Shoals (0/4) Lair:3       Spider (0/4) Lair:2
    Orc: D:9-12

Altars:
Ashenzari
Cheibriados
Dithmenos
Elyvilon
Fedhas
Gozag
Hepliaklqana
Kikubaaqudgha
Makhleb
Nemelex Xobeh
Okawaru
Qazlal
Ru
Sif Muna
Trog
Uskayaw
Vehumet
Wu Jian
Xom
Yredelemnul
Zin
The Shining One

Shops:
D:8 [

Annotations:
D:8 1 runed translucent door, Silkki's ghost, novice GrFi


Innate Abilities, Weirdness & Mutations

You cannot wear armour.
You are incapable of wielding weapons or throwing items.
Your paws allow you to move quietly. (Stealth)
You have sharp claws.
You have razor-sharp teeth.
You have supernaturally acute eyesight. (SInv)
You are carnivorous and can eat meat at any time.
You cover ground quickly.
You are covered in thick fur. (AC +2)
You have a slow metabolism.
Your sharp claws are effective at attacking unaware monsters.


Message History

Aiming: Ensorcelled Hibernation (safe; 1% risk of failure)
Press: ? - help, Shift-Dir - straight line, f - spiny frog, p - porcupine
Aim: a spiny frog (chance to defeat MR: 70%)
You feel a surge of power!
The spiny frog struggles to resist.
The spiny frog completely misses you. The porcupine bites you!
* * * LOW HITPOINT WARNING * * *
The spiny frog misses you.
Casting: Ensorcelled Hibernation (safe; 1% risk of failure)
Confirm with . or Enter, or press ? or * to list all spells.
Aiming: Ensorcelled Hibernation (safe; 1% risk of failure)
Press: ? - help, Shift-Dir - straight line, f/p - spiny frog
Aim: a spiny frog (chance to defeat MR: 70%)
You feel a surge of power!
The porcupine looks drowsy...
You pounce on the unaware helpless porcupine!
You eviscerate the porcupine!!!!
You kill the porcupine!
Makhleb accepts your kill.
You feel better. The spiny frog stings you!!
Ouch! That really hurt!
You die...

#...#........P.......#
.#
................##...# #
#P..................#.#
#.......#.#...#.#...#.#
##P.....####...###....##
#.......##......##...#.#
## ##........#......#.
#... #.
..######....#...... # .
###@..#.....# #....
#.F†.#....#. #....#
###........ .....#.
##......... ..#....
#.......##. . #.P..
#........# . ...
#...........# .. ...
...........#.#
...............


You could see a spiny frog.

Vanquished Creatures
  A two-headed ogre (D:8)
  A death yak (Lair:3)
  A merfolk siren (Lair:3)
  5 elephants
  3 black mambas
  A torpor snail (Lair:4)
  11 spiny frogs
  6 komodo dragons
  A troll (D:10)
  Grinder (D:6)
  2 merfolk (Lair:3)
  A tyrant leech (Lair:1)
  A hornet (D:10)
  9 blink frogs (Lair:3)
  4 dream sheep (Lair:4)
  A slime creature (D:7)
  Sigmund (D:2)
  4 hippogriffs
  A wyvern (D:8)
  15 yaks
  3 basilisks
  A vampire mosquito (D:7)
  4 swamp worms (Lair:1)
  4 water moccasins
  9 porcupines
  2 orc warriors
  A sky beast (D:10)
  2 phantoms
  2 ogres
  2 centaurs (D:7)
  A necrophage (D:6)
  6 wolves (Lair:1)
  10 crocodiles
  15 bullfrogs
  A water moccasin zombie (D:7)
  A wyvern skeleton (D:8)
  A water moccasin skeleton (D:7)
  6 scorpions
  3 wights (D:4)
  2 howler monkeys (D:6)
  2 crimson imps
  2 centaur zombies
  3 quasits (D:10)
  2 hounds
  3 bullfrog zombies
  An orc priest (D:3)
  5 orc wizards
  A centaur skeleton (D:9)
  Natasha (D:4)
  3 iguanas
  5 worker ants
  2 hound zombies
  6 gnolls
  9 adders
  A shadow imp (D:10)
  4 oozes
  2 adder zombies (D:6)
  4 worms
  2 dart slugs (D:1)
  3 leopard geckos
  11 orcs
  2 giant cockroaches
  10 goblins
  13 hobgoblins
  9 jackals
  13 kobolds
  3 quokkas
  2 ball pythons
  13 bats
  7 frilled lizards
  2 quokka skeletons
  13 rats
  A spectral orc (D:6)
  A plant (Lair:1)
307 creatures vanquished.

Vanquished Creatures (collateral kills)
  A two-headed ogre (D:8)
  A merfolk siren (Lair:3)
  2 ogres
  A wight (D:4)
  A gnoll (D:5)
  6 orcs
12 creatures vanquished.

Vanquished Creatures (others)
  2 dancing weapons (D:5)
  A gnoll shaman (D:5)
  A goblin (D:3)
  4 fungi
  2 plants (Lair:1)
10 creatures vanquished.

Grand Total: 329 creatures vanquished

Notes
Turn   | Place    | Note
-------+----------+-------------------------------------------
     0 | D:1      | Gwenloh the Felid Enchanter began the quest for the Orb.
     0 | D:1      | Reached XP level 1. HP: 7/7 MP: 4/4
   296 | D:1      | Reached XP level 2. HP: 11/11 MP: 4/6
   300 | D:1      | Learned a level 2 spell: Ensorcelled Hibernation
  1354 | D:1      | Reached XP level 3. HP: 8/15 MP: 4/7
  2226 | D:1      | Learned a level 3 spell: Confusing Touch
  2376 | D:1      | Reached skill level 5 in Hexes
  2711 | D:2      | Reached XP level 4. HP: 18/18 MP: 5/8
  3281 | D:2      | Reached skill level 1 in Fighting
  3973 | D:2      | Noticed Sigmund
  4044 | D:2      | Killed Sigmund
  4044 | D:2      | Reached skill level 5 in Stealth
  4044 | D:2      | Reached XP level 5. HP: 22/22 MP: 6/9
  4044 | D:2      | Gained mutation: You are covered in thick fur. (AC +2)
                  | [Felid growth]
  4044 | D:2      | Reached XP level 6. HP: 25/25 MP: 6/10
  4099 | D:2      | Learned a level 3 spell: Tukima's Dance
  5496 | D:3      | Found a white marble altar of Elyvilon.
  5642 | D:3      | Found a shimmering altar of Xom.
  5664 | D:3      | Reached skill level 5 in Dodging
  5947 | D:5      | Entered Level 5 of the Dungeon
  5996 | D:4      | Reached XP level 7. HP: 30/30 MP: 5/12
  6494 | D:4      | Noticed Natasha
  6499 | D:4      | Killed Natasha
  6961 | D:5      | Found a radiant altar of Vehumet.
  7021 | D:5      | You fall into a shaft and drop 3 floors!
  7224 | D:7      | Reached XP level 8. HP: 34/34 MP: 10/13
  8669 | D:5      | Upgraded the game from 0.26-a0-61-g6c07f0ee8d to
                  | 0.26-a0-64-g059e62fbdb
  8939 | D:6      | Found an iron altar of Okawaru.
  9175 | D:6      | Reached skill level 5 in Unarmed Combat
  9195 | D:6      | Noticed Grinder
  9202 | D:6      | Killed Grinder
  9207 | D:6      | Learned a level 3 spell: Dazzling Flash
  9287 | D:6      | Reached XP level 9. HP: 37/38 MP: 13/15
  9535 | D:6      | Found a basalt altar of Yredelemnul.
  9993 | D:7      | Found a staircase to the Ecumenical Temple.
 10002 | Temple   | Entered the Ecumenical Temple
 10079 | Temple   | Became a worshipper of Makhleb the Destroyer
 10698 | D:8      | Found Colyowuloi's Armour Shoppe.
 10737 | D:8      | Noticed a two-headed ogre
 10742 | D:8      | Found a sparkling altar of Nemelex Xobeh.
 10750 | D:8      | Killed a two-headed ogre
 10750 | D:8      | Reached skill level 1 in Invocations
 10918 | D:8      | Reached skill level 10 in Hexes
 10933 | D:8      | Found a runed translucent door.
 10933 | D:8      | Noticed Silkki's ghost (novice GrFi)
 10945 | D:8      | Noticed a two-headed ogre
 10959 | D:8      | Killed a two-headed ogre
 10959 | D:8      | Reached XP level 10. HP: 3/43 MP: 11/17
 11742 | D:9      | Found a snail-covered altar of Cheibriados.
 11804 | D:9      | Found a hazy altar of Hepliaklqana.
 11926 | D:10     | Entered Level 10 of the Dungeon
 12168 | D:10     | Found a staircase to the Lair.
 12177 | D:10     | Reached * piety under Makhleb
 13226 | D:10     | Slain by an ogre
 13227 | D:10     | Reached XP level 9. HP: -3/40 MP: 9/17
 13359 | Lair:1   | Entered Level 1 of the Lair of Beasts
 13359 | Lair:1   | Noticed a spiny frog
 13361 | Lair:1   | Killed a spiny frog
 13367 | Lair:1   | Reached skill level 10 in Stealth
 13384 | Lair:1   | Reached skill level 5 in Fighting
 13515 | Lair:1   | Noticed a black mamba
 13522 | Lair:1   | Killed a black mamba
 13522 | Lair:1   | Reached skill level 5 in Spellcasting
 13526 | Lair:1   | Reached skill level 10 in Dodging
 13528 | Lair:1   | Noticed a spiny frog
 13779 | Lair:1   | Reached XP level 10. HP: 44/44 MP: 18/18
 13941 | Lair:1   | Killed a spiny frog
 14009 | Lair:1   | Noticed a black mamba
 14029 | Lair:1   | Slain by a black mamba
 14030 | Lair:1   | Reached XP level 9. HP: -1/40 MP: 13/17
 14288 | Lair:1   | Reached ** piety under Makhleb
 14765 | Lair:1   | Noticed a tyrant leech
 14771 | Lair:1   | Killed a tyrant leech
 14771 | Lair:1   | Reached XP level 10. HP: 44/44 MP: 15/19
 14999 | Lair:1   | Identified the Incunabulum of Heat
 15147 | Lair:2   | Noticed a spiny frog
 15147 | Lair:2   | Noticed a spiny frog
 15149 | Lair:2   | Killed a spiny frog
 15153 | Lair:2   | Killed a spiny frog
 15222 | Lair:2   | Noticed an elephant
 15223 | Lair:2   | Noticed an elephant
 15225 | Lair:2   | Noticed an elephant
 15226 | Lair:2   | Noticed an elephant
 15441 | Lair:2   | Found a hole to the Spider Nest.
 15587 | Lair:2   | Noticed an elephant
 15607 | Lair:1   | Killed an elephant
 15738 | Lair:1   | Killed an elephant
 15915 | Lair:2   | Killed an elephant
 15915 | Lair:2   | Reached skill level 5 in Invocations
 15915 | Lair:2   | Reached XP level 11. HP: 48/48 MP: 15/20
 17106 | Lair:2   | Slain by a black mamba
 17107 | Lair:2   | Reached XP level 10. HP: -5/45 MP: 9/19
 17121 | Lair:3   | Killed a spiny frog
 17673 | Lair:3   | Reached *** piety under Makhleb
 17822 | Lair:3   | Noticed a spiny frog
 17829 | Lair:3   | Killed a spiny frog
 17859 | Lair:3   | Reached XP level 11. HP: 49/49 MP: 11/21
 18031 | Lair:3   | Found a staircase to the Shoals.
 18042 | Lair:3   | HP: 2/49 [merfolk siren/+3 trident (20)]
 18880 | Lair:4   | Noticed a death yak
 18885 | Lair:4   | Noticed a death yak
 18891 | Lair:4   | Noticed a death yak
 18906 | Lair:3   | Killed a death yak
 19439 | Lair:4   | Noticed a lindwurm
 19671 | Lair:4   | Reached skill level 10 in Unarmed Combat
 19679 | Lair:4   | HP: 1/49 [porcupine (16)]
 19682 | Lair:4   | Demolished by a spiny frog

Illustrated notes

Levels and vault maps discovered:
D:1:      ebering_trefoil_twist, layout_rooms
D:2:      layout_rooms, first_ration, minmay_goblin_kobold_house, uniq_sigmund
D:3:      layout_loops_ring, tgw_xom, elyvilon_altar_4, minmay_misc_feat_rows
D:4:      layout_loops_ring, uniq_natasha
D:5:      layout_loops_corners, vehumet_crystals, nrook_pool_corridor
D:6:      layout_cave_pools, lemuel_crystal_altar,
          yredelemnul_forgotten_temple_becter, uniq_grinder
D:7:      layout_basic, minmay_temple_entry_grid, kb_rosetta
D:8:      layout_rooms, nemelex_xobeh_ov_fountains_minmay, serial_shops,
          nicolae_shop_crystal, ebering_ghost_reflecting_pool
D:9:      layout_cave_pools, lemuel_doored_altar, kennysheep_mini
D:10:     layout_gridville, lair_entry_dummy
Temple:   eino_temple_lava
Lair:1:   layout_long_grid, worms_lemuel
Lair:2:   layout_misc_corridors, spider_nest_entry_web_field
Lair:3:   layout_misc_corridors, elwin_shoals_entry_stream, grunt_megastairs_5
Lair:4:   layout_layer_cave, beast_lair_carwin_10

Skill      XL: |  1  2  3  4  5  6  7  8  9 10 11 |
---------------+----------------------------------+-----
Dodging        | 3 4 5 6 7 10 12 | 12.7
Hexes          | 5 6 7 8 11 12 | 12.6
Unarmed Combat | 2 3 4 5 8 7 10 | 10.0
Fighting       | 1 2 3 5 6 |  6.9
Stealth        | 5 6 7 8 10 11 | 11.8
Spellcasting   | 3 5 6 |  6.6
Invocations    | 4 6 7 |  7.2

Action                   |  1- 3 |  4- 6 |  7- 9 | 10-12 || total
-------------------------+-------+-------+-------+-------++-------
Melee: Unarmed           |    87 |    95 |   222 |   204 ||   608
       Bite              |     6 |     4 |    23 |    13 ||    46
       Punch             |       |     2 |     3 |     5 ||    10
 Cast: Corona            |     5 |     3 |     3 |     2 ||    13
       Ensorcelled Hiber |    55 |    85 |    55 |   147 ||   342
       Confusing Touch   |     1 |     1 |    13 |    13 ||    28
       Tukima's Dance    |       |     2 |    17 |    10 ||    29
       Dazzling Flash    |       |       |       |     5 ||     5
Evoke: Wand              |       |       |     4 |       ||     4
  Use: Potion            |     1 |       |       |       ||     1
       Scroll            |       |     3 |     2 |     8 ||    13
 Stab: Sleeping          |    36 |    51 |    66 |   101 ||   254
       Confused          |       |     2 |    14 |    11 ||    27
       Invisible         |       |       |       |     2 ||     2
  Eat: Chunk             |    15 |    12 |    25 |    22 ||    74
Armor: Skin              |     9 |     6 |     9 |     4 ||    28
Dodge: Dodged            |    77 |   102 |   137 |   186 ||   502

Table legend:
 A = Non-vault XP
 B = Vault XP
 C = Vault XP percentage of total XP
 D = Non-vault monster count
 E = Vault monster count
 F = Vault count percentage of total count
                 A         B        C        D         E       F
            +---------+---------+-------+---------+---------+-------
      Total |   30300 |    4301 |  12.4 |     288 |      30 |   9.4
            +---------+---------+-------+---------+---------+-------
        D:1 |      63 |       2 |   3.1 |      35 |       1 |   2.8
        D:2 |      83 |     254 |  75.4 |      29 |       7 |  19.4
        D:3 |     265 |      28 |   9.6 |      33 |       2 |   5.7
        D:4 |     409 |      37 |   8.3 |      10 |       1 |   9.1
        D:5 |     385 |       0 |   0.0 |      15 |       0 |   0.0
        D:6 |     697 |     301 |  30.2 |      19 |       2 |   9.5
        D:7 |     576 |     638 |  52.6 |      14 |       4 |  22.2
        D:8 |    2227 |       0 |   0.0 |       7 |       0 |   0.0
        D:9 |     371 |       0 |   0.0 |       7 |       0 |   0.0
       D:10 |    1722 |       0 |   0.0 |      23 |       0 |   0.0
     Lair:1 |    6067 |     941 |  13.4 |      28 |       5 |  15.2
     Lair:2 |    5167 |     137 |   2.6 |      22 |       1 |   4.3
     Lair:3 |    8170 |    1409 |  14.7 |      32 |       5 |  13.5
     Lair:4 |    4098 |     554 |  11.9 |      14 |       2 |  12.5
            +---------+---------+-------+---------+---------+-------
